 Dungeon Crawl Stone Soup version 0.27-a0-277-g024f7ef292 (webtiles) character file.

Game seed: 790349811029360704

342 VeinyPole the Ruffian (level 6, 0/59 HPs)
             Began as a Troll Delver on Feb 5, 2021.
             Slain by a gnoll shaman
             ... wielding a +0 club
              (5 damage)
             ... on level 5 of the Dungeon on Dec 11, 2021.
             The game lasted 00:01:40 (1254 turns).

VeinyPole the Ruffian (Troll Delver)                Turns: 1254, Time: 00:01:41

Health: 0/59       AC:  6    Str: 23    XL:     6   Next: 30%
Magic:  5/5        EV: 10    Int:  6    God:
Gold:   107        SH:  0    Dex: 11    Spells: 5/5 levels left

rFire    . . .     SeeInvis .     - Unarmed
rCold    . . .     Faith    .   (no shield)
rNeg     . . .     Spirit   .   a - +0 robe
rPois    .         Reflect  .   (helmet restricted)
rElec    .         Harm     .   (no cloak)
rCorr    .         Rampage  .   (gloves unavailable)
Will     .....                  (boots unavailable)
Stlth    ++........             (no amulet)
HPRegen  0.59/turn              (no ring)
MPRegen  0.09/turn              (no ring)

@: no status effects
A: large, unfitting armour, claws 3, regeneration 1, shaggy fur 1, tough skin 3
a: no special abilities


You were on level 5 of the Dungeon.
You visited 1 branch of the dungeon, and saw 2 of its levels.

You collected 107 gold pieces.

Inventory:

Armour
 a - a +0 robe (worn)
Wands
 f - a wand of digging (3)
 h - a wand of flame (18)
Scrolls
 b - 2 scrolls of fog
 c - a scroll of magic mapping
 d - 2 scrolls of amnesia {unknown}
 g - a scroll of remove curse {unknown}
 i - a scroll of teleportation {unknown}
 j - 3 scrolls of identify {unknown}
Potions
 e - a potion of haste


   Skills:
 - Level 2.4 Fighting
 - Level 1.5 Dodging
 - Level 2.7 Stealth
 * Level 6.8 Unarmed Combat


You had 5 spell levels left.
You didn't know any spells.
Your spell library was empty.

Dungeon Overview and Level Annotations

Branches:
Dungeon (5/15)
 Temple: D:4-7

Altars:


Innate Abilities, Weirdness & Mutations

You are too large for most types of armour.
You have claws for hands.
Your natural rate of healing is unusually fast.
You are covered in fur. (AC +1)
You have extremely tough skin. (AC +3)


Message History

The gnoll hits you from afar with a +0 spear.
* * * LOW HITPOINT WARNING * * *
The gnoll shaman calls upon its god to speed up the gnoll.
The gnoll seems to speed up.
The gnoll misses you. The leopard gecko misses you.
Welcome back, VeinyPole the Troll Delver.
Press ? for a list of commands and other information.
The leopard gecko bites you.
* * * LOW HITPOINT WARNING * * *
The leopard gecko closely misses you.
The gnoll shaman hits you with a +0 club.
* * * LOW HITPOINT WARNING * * *
The leopard gecko bites you.
* * * LOW HITPOINT WARNING * * *
The gnoll barely misses you. The leopard gecko bites you.
* * * LOW HITPOINT WARNING * * *
The gnoll closely misses you.
The gnoll shaman hits you with a +0 club.
You die...

...# .g.. ...# .....# #..#
..## ###....# #.(#
...#######......# #gB#
................## ##.##
.................## #..#
..................###..##
.................gg.....#
................@lgB....#
##.
#..#####.......######...##
##.. #...#####.......###
###..# ....
#.................### #..#
#...
##...........##.....####.#
#...
#..####......####......#.#
#... ....# ##....##
###......# #... ....#
#....## ##....##≈≈≈##..
....# #.....##
##.....##≈.≈##..


You could see a gnoll shaman, a worker ant, 2 gnolls and a leopard gecko.

Vanquished Creatures
  2 phantoms
  A hound (D:4)
  An orc priest (D:5)
  An iguana (D:5)
  A worker ant (D:5)
  An adder (D:5)
  3 white imps (D:5)
  A dart slug (D:4)
  6 leopard geckos (D:5)
  14 orcs
  2 jackals (D:4)
  2 quokkas
  A ball python (D:4)
  A frilled lizard (D:5)
  A jackal skeleton (D:5)
38 creatures vanquished.

Notes
Turn   | Place    | Note
-------+----------+-------------------------------------------
     0 | D:5      | VeinyPole the Troll Delver began the quest for the Orb.
     0 | D:5      | Reached XP level 1. HP: 22/22 MP: 0/0
    17 | D:5      | Noticed a centaur
    19 | D:5      | HP: 1/22 [centaur/arrow (14)]
   193 | D:4      | Reached XP level 2. HP: 29/29 MP: 1/1
   219 | D:4      | Reached skill level 3 in Unarmed Combat
   351 | D:4      | Reached skill level 4 in Unarmed Combat
   351 | D:4      | Reached XP level 3. HP: 34/36 MP: 2/2
   425 | D:4      | Noticed a phantom
   436 | D:4      | Killed a phantom
   437 | D:4      | Reached skill level 5 in Unarmed Combat
   437 | D:4      | Reached XP level 4. HP: 37/44 MP: 3/3
   751 | D:4      | Reached XP level 5. HP: 48/50 MP: 4/4
   984 | D:5      | Noticed a phantom
   997 | D:5      | Killed a phantom
   998 | D:5      | Reached skill level 6 in Unarmed Combat
  1085 | D:5      | Reached XP level 6. HP: 48/59 MP: 5/5
  1254 | D:5      | Slain by a gnoll shaman

Illustrated notes

Levels and vault maps discovered:
D:4:      layout_loops_ring
D:5:      layout_layer_cave, portal_sewer_entry_f

Skill      XL: |  1  2  3  4  5 |
---------------+----------------+-----
Unarmed Combat | 4 5 6 |  6.8
Fighting       | |  2.4
Dodging        | |  1.5
Stealth        | |  2.7

Action                   |  1- 3 |  4- 6 || total
-------------------------+-------+-------++-------
Melee: Unarmed           |    33 |    87 ||   120
       Punch             |       |     1 ||     1
  Use: Scroll            |     1 |       ||     1
 Stab: Sleeping          |       |     2 ||     2
Armor: Robe              |     8 |    40 ||    48
Dodge: Dodged            |    22 |    76 ||    98

Table legend: (Time is in decaauts)
 A = Elapsed time spent in this place.
 B = Non-inter-level travel time spent in this place.
 C = Inter-level travel time spent in this place.
 D = Time resting spent in this place.
 E = Time spent auto-exploring this place.
 F = Levels seen in this place.
 G = Mean time per level.
                   A        B        C        D        E       F      G
               +--------+--------+--------+--------+--------+-----+--------+
         Total |   1243 |   1203 |     40 |    152 |    791 |   2 |  621.5 |
       Dungeon |   1243 |   1203 |     40 |    152 |    791 |   2 |  621.5 |
               +--------+--------+--------+--------+--------+-----+--------+

Top non-repeatable levels by time:
     D:4: 800 daAuts
     D:5: 443 daAuts
